Map: Invader LE

Players

Neo - Winner!

  • Race: Terran Terran
  • League: Gold

capac

  • Race: Terran Terran
  • League: Gold

VOD

Have the link to the VOD?

Description

Time

  • Played on: April 30, 2016, 10:20 a.m.
  • Length: 24:06
Show
View Real Time Build Order
Export as new Build Order

Neo Terran - Winner!

Build Orders:  

Get SALT Encoding   

  12  0:01  SCV  
  13  0:16  Supply Depot  
  13  0:18  SCV  
  14  0:45  Barracks  
  14  0:50  Barracks  
  14  0:53  SCV  
  15  1:00  Refinery  
  15  1:07  Refinery  
  15  1:14  SCV  
  16  1:32  SCV  
  17  1:43  Supply Depot  
  17  1:47  Orbital Command  
  17  1:54  Reaper x2  
  19  2:11  Engineering Bay  
  19  2:23  SCV  
  19  2:26  Reaper  
  19  2:27  Reaper  
  22  2:39  SCV  
  22  2:44  Supply Depot  
  23  2:51  SCV  
  24  2:58  Reaper  
  24  2:59  Reaper  
  26  3:31  Reaper x2  
  25  4:03  Reaper x2  
  26  4:19  Barracks, Command Center  
  26  4:20  Barracks, Factory, SCV  
  27  4:35  Reaper x2  
  27  4:56  SCV  
  28  5:04  Starport  
  28  5:05  Widow Mine  
  30  5:07  Reaper x2  
  30  5:08  SCV  
  30  5:10  Marine x2  
  35  5:20  SCV  
  36  5:24  Missile Turret  
  36  5:28  Marine  
  36  5:32  SCV  
  36  5:34  Missile Turret  
  36  5:35  Marine  
  39  5:38  Widow Mine, Refinery  
  39  5:39  Reaper x2  
  43  5:44  SCV  
  43  5:46  Marine  
  43  5:47  Starport Tech Lab  
  45  5:56  Starport, SCV  
  46  6:01  Missile Turret  
  46  6:08  SCV, Planetary Fortress  
  47  6:11  Reaper x2  
  49  6:20  Marine  
  49  6:23  Banshee  
  53  6:31  SCV  
  54  6:34  Barracks Tech Lab  
  54  6:38  Starport Tech Lab  
  54  6:40  Cloaking Field  
  54  6:47  Refinery  
  54  6:48  Missile Turret  
  50  7:04  Marine x2  
  50  7:05  Marauder  
  53  7:12  Supply Depot  
  53  7:24  Missile Turret  
  53  7:25  Marine  
  54  7:34  Marine, Banshee x2  
  61  7:45  Supply Depot, Missile Turret  
  61  7:50  Marine x3  
  64  8:05  Missile Turret  
  64  8:10  Missile Turret x2  
  64  8:11  Terran Infantry Weapons Level 1  
  64  8:16  Banshee x2  
  70  8:21  Engineering Bay  
  70  8:24  Marine  
  71  8:45  Marauder  
  73  8:52  SCV  
  74  8:59  Banshee  
  74  9:01  Supply Depot  
  77  9:04  SCV  
  78  9:20  Supply Depot  
  78  9:22  Marine  
  78  9:23  Marauder  
  74  9:31  Banshee  
  74  9:32  Marine x2  
  76  9:42  Banshee  
  79  9:50  Marine x2  
  79  9:51  Marauder, Marine  
  84  10:00  Widow Mine  
  86  10:08  Marine  
  87  10:18  Banshee  
  87  10:20  Marauder, Marine  
  93  11:01  Widow Mine  
  93  11:02  Marauder  
  94  11:08  Supply Depot  
  94  11:12  Supply Depot, Marine x3  
  94  11:14  SCV  
  98  11:26  SCV  
  98  11:30  Widow Mine, Marine x2  
  103  11:35  Marine  
  103  11:36  Marauder  
  103  11:38  SCV  
  107  11:45  Missile Turret  
  107  11:48  Marine x2  
  107  11:50  SCV  
  82  12:03  SCV  
  82  12:07  Marine  
  82  12:08  Marauder, Marine x2  
  88  12:15  SCV  
  76  12:25  Marine x2  
  76  12:26  Marine  
  76  12:29  Marauder  
  75  12:31  Stimpack  
  69  12:39  Banshee x2  
  69  12:43  Marine  
  76  12:45  SCV  
  77  12:56  Starport  
  77  12:57  SCV  
  78  12:59  Terran Infantry Armor Level 1  
  78  13:11  SCV  
  79  13:16  SCV  
  80  13:22  Banshee  
  83  13:28  Banshee, SCV  
  83  13:32  Missile Turret  
  87  13:37  Supply Depot, Missile Turret  
  87  13:40  SCV  
  88  13:41  Marine  
  88  13:42  Marauder  
  88  13:47  Armory  
  91  13:55  Starport Reactor  
  91  14:05  Banshee  
  91  14:09  Marauder, Marine x2  
  98  14:11  Banshee  
  101  14:30  Marauder, Marine  
  79  14:47  Marine  
  79  14:48  Marine, Banshee  
  79  14:52  Marauder  
  78  14:54  Banshee  
  76  15:05  Marine x2  
  70  15:13  Marauder  
  72  15:27  Marine x2  
  74  15:30  Banshee  
  74  15:35  Marauder  
  73  15:53  Command Center  
  70  16:12  Medivac x3  
  76  16:24  Marauder, Marine x3  
  69  16:51  Marauder, Marine x3  
  66  17:02  Missile Turret  
  63  17:09  Marine x3  
  63  17:12  Marine  
  67  17:16  Planetary Fortress  
  67  17:22  Missile Turret  
  67  17:27  Refinery, Marine  
  67  17:29  Refinery  
  68  17:31  Marauder, Marine x2  
  72  17:43  Medivac  
  74  17:44  Marine  
  74  17:46  SCV  
  74  17:49  Marine  
  77  17:52  Marauder  
  77  17:58  SCV  
  80  18:02  Command Center  
  80  18:07  Banshee  
  83  18:13  Marauder  
  83  18:19  SCV  
  86  18:31  SCV  
  86  18:32  Refinery  
  87  18:35  Marauder  
  87  18:36  Refinery  
  87  18:56  Marauder  
  82  19:03  Marine x2  
  82  19:04  Banshee x2  
  82  19:05  Medivac  
  90  19:17  Marauder, Missile Turret  
  90  19:18  Missile Turret  
  90  19:20  Missile Turret  
  92  19:25  Missile Turret  
  92  19:27  Orbital Command  
  92  19:38  Terran Infantry Armor Level 2  
  92  19:41  Terran Infantry Weapons Level 2  
  92  19:46  Banshee  
  92  19:47  Banshee  
  92  19:52  Marine x2  
  100  19:53  Marauder  
  102  20:10  Marine x2  
  102  20:11  Marine  
  102  20:12  Medivac  
  109  20:14  Marauder  
  109  20:28  Marine x3  
  109  20:29  Banshee x2  
  120  20:35  Marauder  
  110  20:46  Marine  
  91  20:51  Marine x2  
  86  20:57  Marauder  
  86  21:04  Marine  
  86  21:06  Medivac x2  
  86  21:08  Marine x2  
  86  21:09  Barracks  
  93  21:12  Barracks, Medivac x2  
  93  21:17  Marine  
  98  21:19  SCV  
  98  21:21  Marine  
  98  21:24  Barracks  
  100  21:26  Marine  
  100  21:31  SCV  
  102  21:36  Marauder, Medivac x2  
  102  21:38  Marine  
  102  21:39  Marine  
  110  21:42  Medivac x2  
  110  21:44  Marine  
  113  21:56  Marine  
  113  21:57  Marauder, Marine  
  117  22:02  Marine  
  118  22:13  Marine  
  118  22:15  Marine  
  120  22:19  Marauder  
  120  22:20  Marine  
  120  22:22  Banshee x2  
  121  22:31  Marine  
  121  22:33  Marine  
  123  22:37  Marine  
  123  22:40  Marauder  
  124  22:51  Missile Turret  
  124  22:53  Missile Turret  
  124  23:01  Marauder  
Show
View Real Time Build Order
Export as new Build Order

capac Terran 

Build Orders: Reaper Expand 

Get SALT Encoding   

  12  0:01  SCV  
  13  0:13  SCV  
  14  0:18  Supply Depot  
  14  0:25  SCV  
  15  0:40  SCV  
  15  0:42  Barracks  
  16  0:45  Refinery  
  16  0:54  SCV  
  17  1:06  SCV  
  18  1:18  SCV  
  18  1:30  Reaper  
  19  1:36  Command Center  
  19  1:43  Orbital Command  
  19  1:52  Supply Depot  
  19  2:02  Marine  
  20  2:10  SCV  
  20  2:15  Factory  
  21  2:19  Refinery  
  21  2:29  Barracks  
  21  2:31  SCV  
  21  2:36  Marine  
  22  2:58  Orbital Command  
  22  2:59  Marine  
  22  3:01  Hellion  
  22  3:05  Starport  
  21  3:37  Marine  
  21  3:39  Hellion  
  23  3:46  Marine  
  24  3:54  Marine  
  25  4:02  Bunker  
  24  4:09  Hellion  
  24  4:11  Marine  
  24  4:12  Marine  
  26  4:25  Medivac  
  26  4:49  Marine x2  
  26  4:50  Factory Tech Lab  
  28  5:07  Marine  
  28  5:09  SCV x2  
  28  5:11  Barracks Tech Lab  
  28  5:12  Bunker  
  31  5:15  Siege Tank  
  31  5:21  Starport Reactor, SCV x2  
  35  5:25  Barracks Reactor  
  36  5:31  Barracks  
  36  5:34  Barracks  
  36  5:36  SCV x2  
  38  5:54  SCV x2  
  38  5:55  Marine  
  41  5:59  Medivac x2  
  45  6:06  Command Center  
  45  6:09  SCV  
  46  6:21  Supply Depot  
  46  6:23  Supply Depot  
  46  6:29  Barracks Reactor  
  46  6:30  Barracks Reactor  
  46  6:31  Stimpack  
  46  6:43  Marine, Siege Tank, SCV x2  
  46  6:45  Supply Depot  
  52  6:47  Supply Depot  
  50  6:55  SCV x2  
  48  7:07  SCV x2  
  50  7:09  Supply Depot  
  50  7:11  Viking x2  
  50  7:13  Marine  
  50  7:14  Marine x5  
  60  7:16  Marauder  
  60  7:19  SCV  
  63  7:31  SCV x2  
  63  7:32  Supply Depot  
  65  7:38  Siege Tank  
  65  7:43  SCV x2  
  70  8:10  Supply Depot  
  70  8:19  Marine  
  70  8:20  Marine x6  
  77  8:27  Orbital Command  
  77  8:28  SCV  
  77  8:29  SCV  
  83  8:36  Medivac x2  
  83  8:37  Marine x2, Siege Tank  
  83  8:38  Marine x2  
  83  8:40  Factory, SCV  
  83  8:41  Marine x2  
  91  8:42  Marine, SCV  
  95  8:53  SCV x2  
  95  8:55  Marine x4, SCV  
  102  9:05  SCV x2  
  102  9:06  Refinery  
  102  9:08  Refinery  
  102  9:09  Refinery, SCV  
  105  9:17  SCV x2  
  91  9:47  Engineering Bay  
  92  10:30  Missile Turret  
  75  10:59  SCV x2  
  77  11:11  SCV x2  
  79  11:13  Missile Turret  
  79  11:17  Missile Turret  
  79  11:22  Factory Tech Lab  
  79  11:23  SCV x2  
  81  11:30  Starport  
  81  11:35  SCV x2  
  81  11:39  Refinery  
  83  11:41  Starport  
  83  11:47  SCV x2  
  83  11:51  Orbital Command  
  85  11:59  SCV  
  69  12:15  Marine x4  
  67  12:16  Marine x3  
  68  12:33  Marine x4  
  71  12:44  Command Center  
  71  12:45  Siege Tank x2  
  71  12:46  Marine  
  71  12:47  Marine x2  
  71  12:50  Viking x2, Marine  
  71  12:51  Marine x3  
  88  13:04  Marine x2  
  88  13:05  Marine  
  91  13:08  Marine  
  92  13:32  Medivac x2  
  96  13:36  Missile Turret  
  96  14:18  Marine x4  
  96  14:19  Marine  
  101  14:34  Command Center  
  57  15:09  Marine x7  
  57  15:12  Siege Tank  
  58  15:26  Marine  
  58  15:27  Marine x6  
  61  15:42  Orbital Command  
  57  15:44  Marine x2  
  57  15:45  Marine x4  
  64  15:59  Marine  
  64  16:02  Marine x2  
  64  16:03  Marine x4  
  62  16:16  Marine  
  49  16:20  Marine x5  
  49  16:21  Marine  
  47  16:34  Marine  
  32  16:59  Marine x6  
  32  17:00  Marine  
  38  17:07  Missile Turret  
  38  17:12  SCV x2  
  40  17:16  Orbital Command  
  40  17:17  Marine x7  
  47  17:24  SCV  
  47  17:25  SCV  
  49  17:34  Marine  
  49  17:35  Marine x2  
  49  17:36  SCV  
  49  17:37  SCV  
  54  17:45  SCV  
  54  17:49  Viking x2, SCV x2  
  54  17:51  Marine x3  
  63  17:52  Marine  
  63  17:57  SCV  
  66  18:01  Terran Infantry Weapons Level 1  
  66  18:11  Marine x5  
  66  18:12  Marine x2  
  73  18:17  SCV x3  
  76  18:29  SCV  
  75  19:29  SCV x3, Command Center  
  78  19:33  Marine x3  
  78  19:34  Marine x4  
  78  19:38  Starport Reactor  
  85  19:41  SCV  
  86  19:47  SCV x2  
  88  19:53  SCV  
  88  19:57  Terran Infantry Armor Level 1  
  88  19:59  SCV x2  
  91  20:00  Combat Shields  
  75  20:52  Marine  
  75  20:53  Marine x6  
  78  21:03  Command Center  
  78  21:10  Marine  
  78  21:11  Marine x6  
  85  21:28  Marine  
  85  21:29  Marine x6  
  92  21:45  Missile Turret  
  89  21:56  Marine x4  
  89  21:57  Marine x3  
  77  23:43  Command Center  
Tags
 
League
GoldGold
Matchup
TvT
Race
Terran
Add a new tag
Caveats
  • Supply blocks, unpowered buildings, or Contaminate may cause inaccurate times.
  • Supply counts are checked every 10 seconds.